 Dungeon Crawl Stone Soup version 0.20.1-1-g8b1a95d (webtiles) character file.

287 vineage the Poker (level 6, 0/56 HPs)
             Began as a Minotaur Berserker on July 27, 2017.
             Was a Believer of Trog.
             Slain by a gnoll
             ... wielding a +0 halberd
              (12 damage)
             ... on level 4 of the Dungeon.
             The game lasted 00:04:30 (2262 turns).

vineage the Poker (Minotaur Berserker)              Turns: 2262, Time: 00:04:30

Health: 0/56       AC:  4    Str: 23    XL:     6   Next: 8%
Magic:  5/5        EV: 13    Int:  4    God:    Trog [**....]
Gold:   231        SH:  0    Dex: 10    Spells: 5/5 levels left

rFire    . . .     SeeInvis .   a - +0 spear
rCold    . . .     Gourm    .   (no shield)
rNeg     . . .     Faith    .   v - +1 robe {Archmagi}
rPois    .         Spirit   .   (helmet restricted)
rElec    .         Reflect  .   (no cloak)
rCorr    .         Harm     .   (no gloves)
MR       .....                  i - +0 pair of boots
Stlth    ++........             (no amulet)
Regen    0.2/turn               (no ring)
MPRegen  0.1/turn               (no ring)

@: no status effects
A: retaliatory headbutt, horns 2
a: Berserk, Trog's Hand, Burn Spellbooks, Renounce Religion


You were on level 4 of the Dungeon.
You worshipped Trog.
Trog was pleased with you.
You were not hungry.

You visited 1 branch of the dungeon, and saw 4 of its levels.

You collected 231 gold pieces.

Inventory:

Hand Weapons
 a - a +0 spear (weapon)
Armour
 b - a +0 animal skin
 i - a +0 pair of boots (worn)
 v - a +1 robe of the Archmagi (worn)
Scrolls
 e - a scroll of amnesia {unknown}
 f - 2 scrolls of random uselessness {unknown}
 g - 2 scrolls of identify {unknown}
 h - 2 scrolls of recharging {unknown}
 j - 4 scrolls of remove curse {unknown}
 o - a scroll of magic mapping {unknown}
 q - a scroll of enchant armour {unknown}
 r - a scroll of teleportation {unknown}
Potions
 k - 2 potions of might {unknown}
 l - 2 potions of ambrosia {unknown}
 n - 2 potions of mutation {unknown}
 p - a potion of haste {unknown}
 s - 2 potions of curing {unknown}
 u - a potion of heal wounds {unknown}
Comestibles
 c - 3 bread rations
 d - a royal jelly
 m - 2 meat rations
 t - 4 fruits


   Skills:
 + Level 5.2 Fighting
 + Level 6.0 Polearms
 + Level 3.1 Armour
 + Level 3.3 Dodging
 + Level 1.3 Stealth


You had 5 spell levels left.
You didn't know any spells.

Dungeon Overview and Level Annotations

Branches:
Dungeon (4/15)
 Temple: D:4-7

Altars:
Cheibriados
Fedhas
Kikubaaqudgha
Ru


Innate Abilities, Weirdness & Mutations

You reflexively headbutt those who attack you in melee.
You have a pair of horns on your head.


Message History

You hit the gnoll.
The gnoll is severely wounded.
The gnoll barely misses you. The gnoll hits you with a halberd.
* * * LOW HITPOINT WARNING * * *
You closely miss the gnoll.
You headbutt the gnoll, but do no damage.
The gnoll is severely wounded.
The gnoll misses you.
You closely miss the gnoll.
The gnoll is severely wounded.
The gnoll hits you but does no damage.
You barely miss the gnoll. Your headbutt misses the gnoll.
The gnoll is severely wounded.
The gnoll hits you from afar with a halberd.
* * * LOW HITPOINT WARNING * * *
The gnoll misses you.
You barely miss the gnoll. You headbutt the gnoll.
The gnoll is almost dead.
The gnoll hits you from afar with a halberd!
You die...

.........##...#
###########...#
.# ..#
#...########..
#.#
#.............
..#
###!.†........
### #...........
#
.####...........
#
................
#
.......†@.......
#
.........g......
#
.####.....g.....
# #.....g..... #
#........... #
#.#####..... ###
.. ..... ..# ...
..... ..#


You could see 3 gnolls.

Vanquished Creatures
  A scorpion (D:4)
  A crimson imp (D:4)
  A hound (D:4)
  Terence (D:3)
  Jessica (D:3)
  A hound skeleton (D:4)
  4 gnolls (D:2)
  An adder (D:2)
  A worm (D:2)
  3 dart slugs
  A leopard gecko (D:4)
  3 orcs (D:3)
  2 giant cockroaches
  4 goblins
  7 hobgoblins
  A quokka (D:2)
  12 bats
  A frilled lizard (D:1)
  7 kobolds
  4 rats
57 creatures vanquished.

Vanquished Creatures (others)
  A human (D:3)
1 creature vanquished.

Grand Total: 58 creatures vanquished

Notes
Turn   | Place    | Note
-------+----------+-------------------------------------------
     0 | D:1      | vineage the Minotaur Berserker began the quest for the Orb.
     0 | D:1      | Reached XP level 1. HP: 19/19 MP: 0/0
   255 | D:1      | Reached XP level 2. HP: 27/27 MP: 1/1
   402 | D:1      | Reached skill level 4 in Polearms
   631 | D:2      | Reached XP level 3. HP: 26/33 MP: 2/2
   799 | D:2      | Reached ** piety under Trog
   856 | D:2      | Reached XP level 4. HP: 8/41 MP: 3/3
  1332 | D:3      | Found a sacrificial altar of Ru.
  1340 | D:3      | Found a snail-covered altar of Cheibriados.
  1340 | D:3      | Found a blossoming altar of Fedhas.
  1438 | D:3      | Noticed Terence
  1452 | D:3      | Killed Terence
  1452 | D:3      | Reached skill level 5 in Polearms
  1902 | D:3      | Found an ancient bone altar of Kikubaaqudgha.
  1902 | D:3      | Noticed Jessica
  1907 | D:3      | Killed Jessica
  1907 | D:3      | Reached XP level 5. HP: 47/47 MP: 4/4
  1908 | D:3      | Noticed a human
  1909 | D:3      | Killed a human
  1978 | D:4      | Reached skill level 5 in Fighting
  2046 | D:4      | Reached skill level 1 in Stealth
  2255 | D:4      | Reached skill level 6 in Polearms
  2255 | D:4      | Reached XP level 6. HP: 25/56 MP: 5/5
  2262 | D:4      | Slain by a gnoll

Skill      XL: |  1  2  3  4  5 |
---------------+----------------+-----
Polearms       | 4 5 6 |  6.0
Fighting       | 4 5 |  5.2
Armour         | 3 |  3.1
Dodging        | 3 |  3.3
Stealth        | 1 |  1.3

Action                   |  1- 3 |  4- 6 || total
-------------------------+-------+-------++-------
Melee: Spear             |    62 |    99 ||   161
       Headbutt          |     9 |    16 ||    25
 Stab: Sleeping          |     1 |     2 ||     3
  Eat: Bread ration      |       |     1 ||     1
Armor: Animal skin       |    10 |    13 ||    23
       Robe              |       |     4 ||     4
Dodge: Dodged            |    33 |    46 ||    79
